 Dungeon Crawl Stone Soup version 0.22-a0-538-g76cc104 (webtiles) character file.

19 kae the Insei (level 2, -2/21 HPs)
             Began as a Demonspawn Transmuter on June 23, 2018.
             Slain by a gnoll
             ... wielding a +0 whip
              (8 damage)
             ... on level 1 of the Dungeon.
             The game lasted 00:00:54 (834 turns).

kae the Insei (Demonspawn Transmuter)                Turns: 834, Time: 00:00:55

Health: -2/21      AC:  2    Str: 10    XL:     2   Next: 55%
Magic:  5/5        EV: 12    Int: 19    God:
Gold:   0          SH:  0    Dex: 13    Spells: 4/5 levels left

rFire    + . .     SeeInvis .     - Unarmed
rCold    . . .     Gourm    .   (no shield)
rNeg     . . .     Faith    .   b - +0 robe
rPois    .         Spirit   .   (no helmet)
rElec    .         Reflect  .   (no cloak)
rCorr    .         Harm     .   (no gloves)
MR       .....                  (no boots)
Stlth    +.........             (no amulet)
HPRegen  0.07/turn              (no ring)
MPRegen  0.09/turn              (no ring)

@: brilliant, appendage (expiring), very slightly contaminated, invisible
A: horns 2, fire resistance 1
a: End Transformation


You were on level 1 of the Dungeon.
You were not hungry.
You had grown temporary horns.
You visited 1 branch of the dungeon, and saw 1 of its levels.

Inventory:

Missiles
 a - 56 arrows
Armour
 b - a +0 robe (worn)
Jewellery
 g - an uncursed amulet of faith {unknown}
Scrolls
 e - a scroll of identify {unknown}
Comestibles
 d - 2 rations


   Skills:
 - Level 1.1 Fighting
 - Level 1.8 Dodging
 * Level 3.2 Unarmed Combat
 - Level 2.0 Spellcasting
 + Level 2.2 Transmutations


You had 4 spell levels left.
You knew the following spells:

 Your Spells              Type           Power        Failure   Level  Hunger
a - Beastly Appendage     Tmut           ###...       1%          1    #......

Your spell library contained the following spells:

 Spells                   Type           Power        Failure   Level  Hunger
 Spider Form              Tmut/Pois      ###.......   4%          3    ###....
 Blade Hands              Tmut           ###.......   19%         5    ######.
 Ice Form                 Ice/Tmut       ###.....     12%         4    #####..
 Sticks to Snakes         Tmut           ###.....     1%          2    ###....


Dungeon Overview and Level Annotations

Branches:
Dungeon (1/15)

Altars:


Innate Abilities, Weirdness & Mutations

Your flesh is heat resistant. (rF+)
You have a pair of horns on your head.


Message History

The kobold throws a stone.
The stone barely misses the gnoll.
The stone barely misses you. The gnoll hits you with a whip.
You hit the gnoll but do no damage.
The gnoll is severely wounded.
Your transformation is almost over.
You hit the gnoll but do no damage.
The gnoll is severely wounded.
The gnoll closely misses you.
You closely miss the gnoll.
The gnoll is severely wounded.
The gnoll hits you with a whip.
* * * LOW HITPOINT WARNING * * *
You hit the gnoll.
The gnoll is almost dead.
The gnoll misses you.
You catch the helpless gnoll completely off-guard!
You hit the gnoll. Your headbutt misses the gnoll.
The gnoll is almost dead.
The gnoll hits you with a whip!
You die...

####..##.######.# #.#
#..##........# ##.##
#........#########...######
#..##.##.## #............).
#.........###.####....#####
#...##+##...........#.#
#..# ...##....#######.#
#..#..### #.# #(#.#@.# #.#
#.wg..# #.# #=#K#..# #.#
#..#..# #.# ...##..# ##+#
...# ...# ..## ##


You could see a gnoll, a dart slug and a kobold.

Vanquished Creatures
  An ooze (D:1)
  3 goblins (D:1)
  4 hobgoblins (D:1)
  3 bats (D:1)
  A frilled lizard (D:1)
  A kobold (D:1)
  2 rats (D:1)
15 creatures vanquished.

Vanquished Creatures (others)
  A goblin (D:1)
1 creature vanquished.

Grand Total: 16 creatures vanquished

Notes
Turn   | Place    | Note
-------+----------+-------------------------------------------
     0 | D:1      | kae the Demonspawn Transmuter began the quest for the Orb.
     0 | D:1      | Reached XP level 1. HP: 15/15 MP: 3/3
   463 | D:1      | Reached skill level 3 in Unarmed Combat
   463 | D:1      | Gained mutation: Your flesh is heat resistant. (rF+) [demonic ancestry]
   463 | D:1      | Reached XP level 2. HP: 21/21 MP: 3/5
   834 | D:1      | Slain by a gnoll

Vault maps used:
D:1:      onia_arrival_mini_maze_b, minmay_box_of_dots

Skill      XL: |  1 |
---------------+----+-----
Transmutations | 2 |  2.2
Unarmed Combat | 3 |  3.2
Fighting       | |  1.1
Dodging        | |  1.8
Spellcasting   | |  2.0

Action                   || total
-------------------------++-------
Melee: Unarmed           ||    71
       Kick              ||     6
       Headbutt          ||     3
       Punch             ||     1
 Cast: Beastly Appendage ||    11
  Use: Potion            ||     3
 Stab: Sleeping          ||     1
       Invisible         ||     1
Armor: Robe              ||    21
Dodge: Dodged            ||    48

Table legend:
 A = Spawn XP
 B = Non-spawn XP
 C = Spawn XP percentage of total XP
 D = Spawn monster count
 E = Non-spawn monster count
 F = Spawn count percentage of total count
 G = Total turns spent on level
                    A         B        C        D         E        F      G
               +---------+---------+-------+---------+---------+-------+---------
         Total |       0 |      28 |   0.0 |       0 |      15 |   0.0 |   834
               +---------+---------+-------+---------+---------+-------+---------
           D:1 |       0 |      28 |   0.0 |       0 |      15 |   0.0 |   834
               +---------+---------+-------+---------+---------+-------+---------
